 Dungeon Crawl Stone Soup version 0.28-a0-1518-gbe868bca14 (webtiles) character file.

Game seed: 11850761432284500004

15 croobank the Sneak (level 2, 0/26 HPs)
             Began as a Draconian Delver on Jan 17, 2022.
             Succumbed to an adder's poison
             ... on level 3 of the Dungeon.
             The game lasted 00:02:02 (218 turns).

croobank the Sneak (Draconian Delver)                Turns: 218, Time: 00:02:03

Health: 0/26       AC:  4    Str: 14    XL:     2   Next: 34%
Magic:  2/2        EV: 12    Int: 10    God:
Gold:   35         SH:  0    Dex: 12    Spells: 1/1 levels left

rFire   . . .      SeeInvis .   a - +0 hand axe
rCold   . . .      Faith    .   (no shield)
rNeg    . . .      Spirit   .   (armour unavailable)
rPois   .          Reflect  .   (helmet restricted)
rElec   .          Harm     .   (no cloak)
rCorr   .          Rampage  .   (no gloves)
Will    .....                   (no boots)
Stlth   +++.......              (no amulet)
HPRegen 0.08/turn               (no ring)
MPRegen 0.08/turn               (no ring)

@: lethally poisoned (0 -> -1), attractive
A: AC +4, unfitting armour, cold-blooded
a: no special abilities


You were on level 3 of the Dungeon.
You visited 1 branch of the dungeon, and saw 3 of its levels.

You collected 35 gold pieces.

Inventory:

Hand Weapons
 a - a +0 hand axe (weapon)
Missiles
 c - 19 stones (quivered)
Jewellery
 j - a ring of poison resistance
 k - a ring of resist corrosion
Wands
 f - a wand of digging (3)
 i - a wand of iceblast (2)
Scrolls
 b - a scroll of fog
 g - a scroll of silence {unknown}
 h - 2 scrolls of vulnerability {unknown}
 l - a scroll of noise {unknown}
Potions
 e - a potion of haste


   Skills:
 + Level 3.5 Fighting
 + Level 2.2 Axes
 + Level 2.0 Dodging
 + Level 4.6 Stealth


You had one spell level left.
You didn't know any spells.
Your spell library was empty.

Dungeon Overview and Level Annotations

Branches:
Dungeon (5/15)
 Temple: D:4-7

Altars:


Innate Abilities, Weirdness & Mutations

Your plain brown scales are hard. (AC +4)
You cannot fit into any form of body armour.
You are cold-blooded and may be slowed by cold attacks.


Message History

The adder is moderately wounded.
The adder barely misses you. The adder bites you.
You completely miss the adder.
Your tail-slap misses the adder.
The adder is moderately wounded.
The adder bites you.
You are poisoned.
The adder poisons you! The adder misses you.
You hit the adder.
You tail-slap the adder, but do no damage.
The adder is almost dead.
You feel sick. The adder bites you.
You are lethally poisoned!
The adder poisons you!
You hit the adder.
You kill the adder!
* * * LOW HITPOINT WARNING * * *
You feel very sick.
Your Dodging skill increases to level 2!
You have reached level 2!
There is a lethal amount of poison in your body!
* * * LOW HITPOINT WARNING * * *
You feel sick.
Okay, then.
* * * LOW HITPOINT WARNING * * *
You feel sick.
A worm comes into view.
* * * LOW HITPOINT WARNING * * *
You feel sick.
* * * LOW HITPOINT WARNING * * *
You feel sick.
* * * LOW HITPOINT WARNING * * *
You feel sick.
You see here a puce potion.
It was a potion of attraction.
You feel attractive to monsters.
* * * LOW HITPOINT WARNING * * *
You feel sick. The worm is attracted toward you.
As you read the scroll of fear, it crumbles to dust.
You assume a fearsome visage.
The worm looks frightened!
You die...

###########
#.........#
#...>.....# #
#.........####...#
#.........@w.ยง.#
#..........#####
#.........##
#.........#
...........#
.#........?##
#.........#
...........
............


You could see a worm (fleeing).

Vanquished Creatures
  An adder (D:3)
  An orc (D:4)
  An endoplasm (D:4)
  2 goblins (D:4)
5 creatures vanquished.

Notes
Turn   | Place    | Note
-------+----------+-------------------------------------------
     0 | D:5      | croobank the Draconian Delver began the quest for the Orb.
     0 | D:5      | Reached XP level 1. HP: 19/19 MP: 1/1
    60 | D:5      | Noticed a phantom
   212 | D:3      | Reached XP level 2. HP: 6/26 MP: 2/2
   217 | D:3      | HP: 1/26 [poisoned by an adder]
   218 | D:3      | Succumbed to an adder's poison

Illustrated notes

Levels and vault maps discovered:
D:3:      layout_rooms, uniq_crazy_yiuf_cottage, uniq_robin, uniq_natasha,
          uniq_jessica
D:4:      layout_loops_corners, serial_shops,
          nicolae_shop_temple_entry_statues_fountains, uniq_blork_the_orc
D:5:      layout_cave_pods, overflow_temple_1_default, serial_shops,
          shop_statue, chequers_serial_rivers_small_a

Skill      XL: |  1 |
---------------+----+-----
Dodging        | 2 |  2.0
Fighting       | |  3.5
Axes           | |  2.2
Stealth        | |  4.6

Action                   || total
-------------------------++-------
Melee: Hand axe          ||    17
       Tailslap          ||     2
  Use: Scroll            ||     2
       Potion            ||     1
 Stab: Sleeping          ||     1
Armor: Skin              ||     3
Dodge: Dodged            ||     6

Table legend: (Time is in decaauts)
 A = Elapsed time spent in this place.
 B = Non-inter-level travel time spent in this place.
 C = Inter-level travel time spent in this place.
 D = Time resting spent in this place.
 E = Time spent auto-exploring this place.
 F = Levels seen in this place.
 G = Mean time per level.
                   A        B        C        D        E       F      G
               +--------+--------+--------+--------+--------+-----+--------+
         Total |    220 |    220 |      0 |      0 |     39 |   3 |   73.3 |
       Dungeon |    220 |    220 |      0 |      0 |     39 |   3 |   73.3 |
               +--------+--------+--------+--------+--------+-----+--------+

Top non-repeatable levels by time:
     D:4: 129 daAuts
     D:5: 68 daAuts
     D:3: 23 daAuts
